| TOP OF THE 1ST |
|
Lowell Spinners batting - Pitching for Mahoning Valley Scrappers : RHP Steven Costanza
|
|
Pitching: RHP Steven Costanza
|
|
|
Batting: RHB Aukukero Tairi
|
0-0: Ball 1-0: Called Strike 1-1: Fly out, F8 (Line Drive, 8RD, EV 91.9 MPH)
|
|
Batting: RHB Xavier Joslin
|
0-0: Called Strike 0-1: Fly out, F8 (Flyball, 89S, EV 88.8 MPH)
|
|
Batting: SHB Salvador Padilla
|
0-0: Called Strike 0-1: Ground out 1-3 (Groundball, 13S, EV 64.4 MPH)
|
| Top of the 1st over - 0 runs, 0 hits, 0 errors, 0 left on base; Lowell 0 - Mahoning Valley 0 |
| BOTTOM OF THE 1ST |
|
Mahoning Valley Scrappers batting - Pitching for Lowell Spinners : RHP Austin O'Connor
|
|
Pitching: RHP Austin O'Connor
|
|
|
Batting: RHB Ricky Cordova
|
0-0: Ball 1-0: Ball 2-0: Ball 3-0: Called Strike 3-1: SINGLE (Flyball, 6MD, EV 93.8 MPH)
|
|
Batting: RHB Jose Argueta
|
0-0: Called Strike Ricky Cordova steals 2nd base 0-1: Foul Ball, location: 2F 0-2: Ball 1-2: Foul Ball, location: 2F 1-2: Ground out 4-3 (Groundball, 4, EV 83.8 MPH) Ricky Cordova to third
|
|
Batting: RHB John Shaffer
|
0-0: Foul Ball, location: 2F 0-1: Foul Ball, location: 2F 0-2: Ball 1-2: Fly out, F8 (Flyball, 8RS, EV 90.0 MPH)
|
|
Batting: LHB Dave Key
|
0-0: Ball 1-0: Foul Ball, location: 2F 1-1: Ball 2-1: Fly out, F8 (Flyball, 78M, EV 88.8 MPH)
|
| Bottom of the 1st over - 0 runs, 1 hit, 0 errors, 1 left on base; Lowell 0 - Mahoning Valley 0 |
| TOP OF THE 2ND |
|
Lowell Spinners batting - Pitching for Mahoning Valley Scrappers : RHP Steven Costanza
|
|
Batting: RHB Tony Gallegos
|
0-0: DOUBLE (Flyball, 8LXD, EV 100.0 MPH)
|
|
Batting: RHB Raul Sanchez
|
0-0: Ball Wild Pitch! Tony Gallegos to third 1-0: Swinging Strike 1-1: DOUBLE (Line Drive, 9LS, EV 98.8 MPH) Tony Gallegos scores
|
|
Batting: RHB Mario Arriero
|
0-0: Called Strike 0-1: Called Strike 0-2: Strikes out swinging
|
|
Batting: RHB Willie Camacho
|
0-0: Swinging Strike 0-1: Ball 1-1: Swinging Strike Passed Ball! Raul Sanchez to third 1-2: Foul Ball, location: 2F 1-2: Foul Ball, location: 2F 1-2: Ball 2-2: Strikes out looking
|
|
Batting: LHB Robert Gonzalez
|
0-0: Ball 1-0: Swinging Strike 1-1: Called Strike 1-2: Strikes out looking
|
| Top of the 2nd over - 1 run, 2 hits, 0 errors, 1 left on base; Lowell 1 - Mahoning Valley 0 |
| BOTTOM OF THE 2ND |
|
Mahoning Valley Scrappers batting - Pitching for Lowell Spinners : RHP Austin O'Connor
|
|
Batting: RHB Kevin Wiles
|
0-0: Ball 1-0: Called Strike 1-1: Ground out 5-3 (Groundball, 15, EV 87.5 MPH)
|
|
Batting: RHB Jonathan Livingston
|
0-0: Ball 1-0: Fly out, F8 (Flyball, 78S, EV 75.6 MPH)
|
|
Batting: RHB Justin Young
|
0-0: Swinging Strike 0-1: Foul Ball, location: 2F 0-2: Foul Ball, location: 2F 0-2: Strikes out swinging
|
| Bottom of the 2nd over - 0 runs, 0 hits, 0 errors, 0 left on base; Lowell 1 - Mahoning Valley 0 |
| TOP OF THE 3RD |
|
Lowell Spinners batting - Pitching for Mahoning Valley Scrappers : RHP Steven Costanza
|
|
Batting: RHB Rogelio Cervantes
|
0-0: Swinging Strike 0-1: Foul Ball, location: 2F 0-2: Ball 1-2: Strikes out looking
|
|
Batting: RHB Aukukero Tairi
|
0-0: Ball 1-0: Bunt missed! 1-1: Swinging Strike 1-2: Ball 2-2: Ball 3-2: Foul Ball, location: 2F 3-2: Ground out 6-3 (Groundball, 6S, EV 65.0 MPH)
|
|
Batting: RHB Xavier Joslin
|
0-0: TRIPLE (Flyball, 78XD, EV 103.1 MPH)
|
|
Batting: SHB Salvador Padilla
|
0-0: Foul Ball, location: 2F 0-1: Ball 1-1: Ball 2-1: Called Strike 2-2: DOUBLE (Flyball, 8RXD, EV 93.8 MPH) Xavier Joslin scores
|
|
Batting: RHB Tony Gallegos
|
0-0: Called Strike 0-1: Ball 1-1: Foul Ball, location: 2F 1-2: Foul Ball, location: 2F 1-2: Ball 2-2: Strikes out swinging
|
| Top of the 3rd over - 1 run, 2 hits, 0 errors, 1 left on base; Lowell 2 - Mahoning Valley 0 |
| BOTTOM OF THE 3RD |
|
Mahoning Valley Scrappers batting - Pitching for Lowell Spinners : RHP Austin O'Connor
|
|
Batting: RHB Aaron Stout
|
0-0: Swinging Strike 0-1: Ball 1-1: Called Strike 1-2: Strikes out swinging
|
|
Batting: RHB Leo Villa
|
0-0: Ground out 6-3 (Groundball, 6MS, EV 89.4 MPH)
|
|
Batting: RHB Ricky Cordova
|
0-0: Called Strike 0-1: Ball 1-1: Called Strike 1-2: DOUBLE (Groundball, 5L, EV 110.0 MPH)
|
|
Batting: RHB Jose Argueta
|
0-0: Ball 1-0: Called Strike 1-1: Ball 2-1: Ball 3-1: Foul Ball, location: 2F 3-2: Foul Ball, location: 2F 3-2: Foul Ball, location: 2F 3-2: Base on Balls
|
|
Batting: RHB John Shaffer
|
0-0: Ball 1-0: Ball 2-0: Ball Wild Pitch! Ricky Cordova to third Jose Argueta to second 3-0: Called Strike 3-1: Swinging Strike 3-2: Foul Ball, location: 2F 3-2: Base on Balls
|
|
Batting: LHB Dave Key
|
0-0: Called Strike 0-1: Ball 1-1: Foul Ball, location: 2F 1-2: Ball Passed Ball! Ricky Cordova scores Jose Argueta to third John Shaffer to second 2-2: Ball 3-2: DOUBLE (Groundball, 5L, EV 110.6 MPH) Jose Argueta scores John Shaffer scores
|
|
Batting: RHB Kevin Wiles
|
0-0: Ball 1-0: Called Strike 1-1: Ball 2-1: Foul Ball, location: 2F 2-2: Foul Ball, location: 2F 2-2: Ball Wild Pitch! Dave Key to third 3-2: Strikes out swinging
|
| Bottom of the 3rd over - 3 runs, 2 hits, 0 errors, 1 left on base; Lowell 2 - Mahoning Valley 3 |
| TOP OF THE 4TH |
|
Lowell Spinners batting - Pitching for Mahoning Valley Scrappers : RHP Steven Costanza
|
|
Batting: RHB Raul Sanchez
|
0-0: Fly out, F8 (Flyball, 8RXD, EV 101.9 MPH)
|
|
Batting: RHB Mario Arriero
|
0-0: Called Strike 0-1: SINGLE (Line Drive, 9LS, EV 100.0 MPH)
|
|
Batting: RHB Willie Camacho
|
0-0: Ball 1-0: Ball 2-0: Swinging Strike 2-1: Swinging Strike 2-2: Strikes out swinging
|
|
Batting: LHB Robert Gonzalez
|
0-0: Called Strike 0-1: Ball 1-1: Swinging Strike 1-2: Ball 2-2: Strikes out swinging
|
| Top of the 4th over - 0 runs, 1 hit, 0 errors, 1 left on base; Lowell 2 - Mahoning Valley 3 |
| BOTTOM OF THE 4TH |
|
Mahoning Valley Scrappers batting - Pitching for Lowell Spinners : RHP Austin O'Connor
|
|
Batting: RHB Jonathan Livingston
|
0-0: Ground out 4-3 (Groundball, 4, EV 101.9 MPH)
|
|
Batting: RHB Justin Young
|
0-0: Ball 1-0: Ball 2-0: Ball 3-0: Called Strike 3-1: Foul Ball, location: 2F 3-2: Ground out 3-1 (Groundball, 34, EV 85.0 MPH)
|
|
Batting: RHB Aaron Stout
|
0-0: Foul Ball, location: 2F 0-1: Ground out 6-3 (Groundball, P, EV 88.8 MPH)
|
| Bottom of the 4th over - 0 runs, 0 hits, 0 errors, 0 left on base; Lowell 2 - Mahoning Valley 3 |
| TOP OF THE 5TH |
|
Lowell Spinners batting - Pitching for Mahoning Valley Scrappers : RHP Steven Costanza
|
|
Batting: RHB Rogelio Cervantes
|
0-0: Ball 1-0: Foul Ball, location: 2F 1-1: Ball 2-1: Called Strike 2-2: Foul Ball, location: 2F 2-2: Ball 3-2: Ground out 4-3 (Groundball, 4, EV 81.9 MPH)
|
|
Batting: RHB Aukukero Tairi
|
0-0: Ball 1-0: Ground out 4-3 (Groundball, 4M, EV 98.8 MPH)
|
|
Batting: RHB Xavier Joslin
|
0-0: Ball 1-0: Ball 2-0: Ball 3-0: Fly out, F7 (Flyball, 78M, EV 88.8 MPH)
|
| Top of the 5th over - 0 runs, 0 hits, 0 errors, 0 left on base; Lowell 2 - Mahoning Valley 3 |
| BOTTOM OF THE 5TH |
|
Mahoning Valley Scrappers batting - Pitching for Lowell Spinners : RHP Austin O'Connor
|
|
Batting: RHB Leo Villa
|
0-0: SINGLE (Groundball, 6D, EV 98.8 MPH)
|
|
Batting: RHB Ricky Cordova
|
0-0: Swinging Strike 0-1: Swinging Strike 0-2: Reaches on Catchers interference Leo Villa to second
|
|
Batting: RHB Jose Argueta
|
0-0: Grounds into double play, 6-4-3 (Groundball, 56, EV 80.6 MPH) Leo Villa to third
|
|
Batting: RHB John Shaffer
|
0-0: Called Strike 0-1: Ball 1-1: SINGLE (Line Drive, 34, EV 106.9 MPH) Leo Villa scores
|
|
Batting: LHB Dave Key
|
0-0: Swinging Strike 0-1: SINGLE (Groundball, 3D, EV 97.5 MPH) John Shaffer to second
|
|
Batting: RHB Kevin Wiles
|
0-0: Ball 1-0: Ball 2-0: Foul Ball, location: 2F 2-1: Ball 3-1: Swinging Strike 3-2: Base on Balls John Shaffer to third Dave Key to second
|
|
Pitching: RHP Jose Abanto
|
|
|
Batting: RHB Jonathan Livingston
|
0-0: Called Strike 0-1: Ball 1-1: Ball 2-1: Ball 3-1: Ground out 4-3 (Groundball, 4, EV 79.4 MPH)
|
| Bottom of the 5th over - 1 run, 3 hits, 1 error, 3 left on base; Lowell 2 - Mahoning Valley 4 |
| TOP OF THE 6TH |
|
Lowell Spinners batting - Pitching for Mahoning Valley Scrappers : RHP Steven Costanza
|
|
Batting: SHB Salvador Padilla
|
0-0: Foul Ball, location: 2F 0-1: Swinging Strike 0-2: Strikes out swinging
|
|
Batting: RHB Tony Gallegos
|
0-0: Called Strike 0-1: Ball 1-1: Fly out, F8 (Flyball, 8RD, EV 81.9 MPH)
|
|
Batting: RHB Raul Sanchez
|
0-0: Foul Ball, location: 2F 0-1: Ball 1-1: Foul Ball, location: 2F 1-2: Fly out, F4 (Line Drive, 4, EV 70.0 MPH)
|
| Top of the 6th over - 0 runs, 0 hits, 0 errors, 0 left on base; Lowell 2 - Mahoning Valley 4 |
| BOTTOM OF THE 6TH |
|
Mahoning Valley Scrappers batting - Pitching for Lowell Spinners : RHP Jose Abanto
|
|
Batting: RHB Justin Young
|
0-0: Swinging Strike 0-1: Ball 1-1: Swinging Strike 1-2: Foul Ball, location: 2F 1-2: Ball 2-2: Foul Ball, location: 2F 2-2: Foul Ball, location: 2F 2-2: Strikes out swinging
|
|
Batting: RHB Aaron Stout
|
0-0: Swinging Strike 0-1: Foul Ball, location: 2F 0-2: Ball 1-2: Ball 2-2: Hit by Pitch
|
|
Batting: RHB Leo Villa
|
0-0: Called Strike Aaron Stout steals 2nd base 0-1: Foul Ball, location: 2F 0-2: Ball 1-2: Ground out 4-3 (Groundball, 4, EV 86.9 MPH) Aaron Stout to third
|
|
Batting: RHB Ricky Cordova
|
0-0: Foul Ball, location: 2F 0-1: Ball 1-1: Ball 2-1: Called Strike 2-2: Ball 3-2: Strikes out swinging
|
| Bottom of the 6th over - 0 runs, 0 hits, 0 errors, 1 left on base; Lowell 2 - Mahoning Valley 4 |
| TOP OF THE 7TH |
|
Lowell Spinners batting - Pitching for Mahoning Valley Scrappers : RHP Steven Costanza
|
|
Now in RF: Jaquan Brown
|
|
|
Batting: RHB Mario Arriero
|
0-0: Ball 1-0: Called Strike 1-1: Ball 2-1: Foul Ball, location: 2F 2-2: Ball 3-2: Base on Balls
|
|
Batting: RHB Willie Camacho
|
0-0: Ball Wild Pitch! Mario Arriero to second 1-0: Called Strike 1-1: Swinging Strike 1-2: Strikes out swinging
|
|
Pinch Hitting: RHB Guillermo Quintero
|
0-0: Ball 1-0: Ball Wild Pitch! Mario Arriero to third 2-0: Ball 3-0: Called Strike 3-1: Base on Balls
|
|
Pinch Hitting: LHB Nelis Geurts
|
0-0: 3-RUN HOME RUN (Flyball, 9D, EV 95.6 MPH), Distance : 376 ft
|
|
Pitching: RHP Eddie Aguilar
|
|
|
Batting: RHB Aukukero Tairi
|
0-0: Ball 1-0: Called Strike 1-1: Foul Ball, location: 2F 1-2: Ball 2-2: Foul Ball, location: 2F 2-2: Hit by Pitch
|
|
Batting: RHB Xavier Joslin
|
0-0: Ball Wild Pitch! Aukukero Tairi to second 1-0: Called Strike 1-1: Foul Ball, location: 2F 1-2: Strikes out swinging
|
|
Batting: SHB Salvador Padilla
|
0-0: Called Strike 0-1: Ball 1-1: Foul Ball, location: 2F 1-2: Ball 2-2: Ball Wild Pitch! Aukukero Tairi to third 3-2: Strikes out looking
|
| Top of the 7th over - 3 runs, 1 hit, 0 errors, 1 left on base; Lowell 5 - Mahoning Valley 4 |
| BOTTOM OF THE 7TH |
|
Mahoning Valley Scrappers batting - Pitching for Lowell Spinners : RHP Jose Abanto
|
|
Now at SS: Randy Schmitt
|
|
|
Now in RF: Curt Stallings
|
|
|
Batting: RHB Jose Argueta
|
0-0: Ball 1-0: Foul Ball, location: 2F 1-1: Foul Ball, location: 2F 1-2: SINGLE (Groundball, 34D, EV 111.2 MPH)
|
|
Batting: LHB Matt Steinke
|
0-0: Called Strike 0-1: Called Strike 0-2: Ball 1-2: Foul Ball, location: 2F 1-2: Strikes out swinging
|
|
Batting: LHB Dave Key
|
0-0: Called Strike 0-1: Foul Ball, location: 2F 0-2: Ball 1-2: Grounds into double play, U6-3 (Groundball, 4M, EV 81.9 MPH)
|
| Bottom of the 7th over - 0 runs, 1 hit, 0 errors, 0 left on base; Lowell 5 - Mahoning Valley 4 |
| TOP OF THE 8TH |
|
Lowell Spinners batting - Pitching for Mahoning Valley Scrappers : RHP Eddie Aguilar
|
|
Batting: RHB Tony Gallegos
|
0-0: Called Strike 0-1: SINGLE (Line Drive, 78S, EV 106.9 MPH)
|
|
Batting: RHB Raul Sanchez
|
0-0: Ball 1-0: Swinging Strike 1-1: Foul Ball, location: 2F 1-2: Strikes out swinging
|
|
Batting: RHB Mario Arriero
|
0-0: Swinging Strike 0-1: Ball 1-1: TRIPLE (Line Drive, 89XD, EV 101.2 MPH) Tony Gallegos scores
|
|
Batting: RHB Willie Camacho
|
0-0: Called Strike 0-1: Foul Ball, location: 2F 0-2: Ball 1-2: Foul Ball, location: 2F 1-2: Ball 2-2: Foul Ball, location: 2F 2-2: Ball 3-2: Strikes out swinging
|
|
Batting: RHB Curt Stallings
|
0-0: Ball 1-0: Foul Ball, location: 2F 1-1: Swinging Strike 1-2: Ground out 5-3 (Groundball, 56, EV 103.8 MPH)
|
| Top of the 8th over - 1 run, 2 hits, 0 errors, 1 left on base; Lowell 6 - Mahoning Valley 4 |
| BOTTOM OF THE 8TH |
|
Mahoning Valley Scrappers batting - Pitching for Lowell Spinners : RHP Jose Abanto
|
|
Batting: RHB Kevin Wiles
|
0-0: Swinging Strike 0-1: Ball 1-1: Ball 2-1: Ball 3-1: Called Strike 3-2: Base on Balls
|
|
Pitching: RHP Tyler Tomblin
|
|
|
Batting: RHB Jonathan Livingston
|
0-0: Ball 1-0: Foul Ball, location: 2F 1-1: Fielders Choice at 2nd, 4-6 (Groundball, 4, EV 109.4 MPH)
|
|
Batting: RHB Justin Young
|
0-0: Foul Ball, location: 2F 0-1: Ball 1-1: Swinging Strike 1-2: Strikes out swinging
|
|
Batting: RHB Aaron Stout
|
0-0: Called Strike 0-1: Foul Ball, location: 2F 0-2: Single, Error in OF, E9, batter to second base (Groundball, 3D, EV 104.4 MPH) Jonathan Livingston to third
|
|
Batting: RHB Jaquan Brown
|
0-0: Foul Ball, location: 2F 0-1: Fly out, F8 (Flyball, 8RD, EV 89.4 MPH)
|
| Bottom of the 8th over - 0 runs, 1 hit, 1 error, 2 left on base; Lowell 6 - Mahoning Valley 4 |
| TOP OF THE 9TH |
|
Lowell Spinners batting - Pitching for Mahoning Valley Scrappers : RHP Eddie Aguilar
|
|
Batting: RHB Randy Schmitt
|
0-0: Called Strike 0-1: Ball 1-1: Ball 2-1: Fly out, F7 (Flyball, 78D, EV 86.9 MPH)
|
|
Batting: RHB Aukukero Tairi
|
0-0: Called Strike 0-1: Called Strike 0-2: Ball 1-2: Fly out, F8 (Flyball, 8RXD, EV 102.5 MPH)
|
|
Batting: RHB Xavier Joslin
|
0-0: Called Strike 0-1: Foul Ball, location: 2F 0-2: Strikes out swinging
|
| Top of the 9th over - 0 runs, 0 hits, 0 errors, 0 left on base; Lowell 6 - Mahoning Valley 4 |
| BOTTOM OF THE 9TH |
|
Mahoning Valley Scrappers batting - Pitching for Lowell Spinners : RHP Tyler Tomblin
|
|
Pitching: RHP Tim Tucker
|
|
|
Batting: RHB Ricky Cordova
|
0-0: Ball 1-0: Ball 2-0: Called Strike 2-1: Ground out 1-3 (Groundball, 13S, EV 67.5 MPH)
|
|
Batting: RHB Jose Argueta
|
0-0: Called Strike 0-1: Ball 1-1: Swinging Strike 1-2: Ground out 1-3 (Groundball, 34S, EV 70.6 MPH)
|
|
Batting: LHB Matt Steinke
|
0-0: Ball 1-0: SINGLE (Line Drive, 5D, EV 95.6 MPH)
|
|
Batting: LHB Dave Key
|
0-0: Ball 1-0: Ball 2-0: Called Strike 2-1: Foul Ball, location: 2F 2-2: Strikes out swinging
|
| Bottom of the 9th over - 0 runs, 1 hit, 0 errors, 1 left on base; Lowell 6 - Mahoning Valley 4 |
|